 Dungeon Crawl Stone Soup version 0.28.0-53-g5a82cb258f (webtiles) character file.

Game seed: 6645905543593213748

3023 Infinimo the Basher (level 9, -8/98 HPs)
             Began as an Ogre Gladiator on May 28, 2022.
             Was an Initiate of Gozag.
             Killed from afar by a steam dragon (21 damage)
             ... with a ball of steam
             ... on level 8 of the Dungeon.
             The game lasted 00:11:33 (8867 turns).

Infinimo the Basher (Ogre Gladiator)                Turns: 8867, Time: 00:11:35

Health: -8/98      AC:  8    Str: 24    XL:     9   Next: 85%
Magic:  9/9        EV: 11    Int: 15    God:    Gozag
Gold:   758        SH:  0    Dex: 10    Spells: 8/8 levels left

rFire   . . .      SeeInvis .   a - +1 flail (venom)
rCold   . . .      Faith    .   (no shield)
rNeg    . . .      Spirit   .   b - +0 robe
rPois   .          Reflect  .   c - +1 hat
rElec   .          Harm     .   (no cloak)
rCorr   .          Rampage  .   (gloves unavailable)
Will    .....                   (boots unavailable)
Stlth   +.........              t - amulet of regeneration
HPRegen 1.06/turn               k - +6 ring of intelligence
MPRegen 0.11/turn               s - +4 ring of protection

@: about to teleport, gold aura
A: large, unfitting armour, tough skin 1
a: Renounce Religion, Potion Petition, Call Merchant, Bribe Branch


You were on level 8 of the Dungeon.
You worshipped Gozag.
Gozag was pleased with you.
You visited 1 branch of the dungeon, and saw 8 of its levels.
You also visited: Ossuary.

You collected 997 gold pieces.
You spent 160 gold pieces at shops.
You paid 79 gold pieces to Gozag.

Inventory:

Hand Weapons
 a - a +1 flail of venom (weapon)
 y - a +0 whip of electrocution
Missiles
 d - 3 throwing nets (quivered)
 j - 2 datura-tipped darts
 o - 5 poisoned darts
Armour
 b - a +0 robe (worn)
 c - a +1 hat (worn)
Jewellery
 k - a +6 ring of intelligence (left hand)
 s - a +4 ring of protection (right hand)
 t - an amulet of regeneration (around neck)
Wands
 n - a wand of flame (21)
 v - a wand of iceblast (5)
Scrolls
 l - a scroll of teleportation
 p - a scroll of silence
 q - a scroll of enchant weapon
 w - a scroll of identify
 x - a scroll of magic mapping
Potions
 e - 3 potions of heal wounds
 f - a potion of degeneration
 g - a potion of magic
 h - a potion of might
 i - 4 potions of curing
 m - a potion of flight
 u - a potion of brilliance


   Skills:
 + Level 9.1 Fighting
 * Level 9.2 Maces & Flails
 - Level 2.0 Throwing
 + Level 6.6 Dodging


You had 8 spell levels left.
You didn't know any spells.
Your spell library contained the following spells:

 Spells                   Type           Power      Damage    Failure   Level
 Magic Dart               Conj           0%         1d3       26%         1
 Corpse Rot               Necr/Air       0%         N/A       38%         2
 Ensorcelled Hibernation  Hex/Ice        0%         N/A       38%         2
 Passwall                 Tmut/Erth      0%         N/A       38%         2
 Poisonous Vapours        Pois/Air       0%         N/A       38%         2
 Searing Ray              Conj           0%         2d4       38%         2
 Sublimation of Blood     Necr           0%         N/A       38%         2
 Wereblood                Tmut           0%         N/A       38%         2
 Inner Flame              Hex/Fire       0%         N/A       63%         3
 Swiftness                Air            0%         N/A       63%         3
 Cause Fear               Hex            0%         N/A       95%         4
 Fulminant Prism          Conj/Hex       0%         3d6       95%         4
 Summon Hydra             Summ           0%         N/A       100%        7
 Discord                  Hex            0%         N/A       100%        8


Dungeon Overview and Level Annotations

Branches:
Dungeon (8/15)             Temple (0/1) D:7            Lair (0/6) D:8
Ossuary (visited)

Altars:
Gozag
Okawaru
Sif Muna
Uskayaw
Wu Jian

Shops:
D:6 =*   D:7 *

Annotations:
D:6 3 runed translucent doors, Gabide's ghost, novice MfMo


Innate Abilities, Weirdness & Mutations

You are too large for most types of armour.
You have tough skin. (AC +1)


Message History

* * * LOW HITPOINT WARNING * * *
You feel much better. The steam dragon bites you. The steam dragon claws you.
You closely miss the steam dragon.
The steam dragon bites you but does no damage.
The steam dragon claws you but does no damage.
A steam dragon comes into view.
You hit the steam dragon.
The steam dragon is poisoned.
The steam dragon is moderately wounded.
The steam dragon breathes steam at you. The ball of steam hits you.
The steam dragon breathes steam at you.
The ball of steam hits the steam dragon!
The steam dragon resists.
The ball of steam hits you!
* * * LOW HITPOINT WARNING * * *
You hear a shout!
The steam dragon bites you but does no damage.
The steam dragon barely misses you.
You hit the steam dragon.
The steam dragon looks as sick as possible!
The steam dragon is almost dead.
You are engulfed in a cloud of scalding steam.
* * * LOW HITPOINT WARNING * * *
The steam dragon breathes steam at you. The ball of steam misses you.
Found 17 gold pieces.
A centaur comes into view. It is wielding a +0 spear.
The centaur shouts!
The steam dragon closely misses you.
The steam dragon claws you but does no damage.
As you read the scroll of teleportation, it crumbles to dust.
You feel strangely unstable.
You kill the steam dragon!
You hit the steam dragon but do no damage.
The centaur unwields a +0 spear.
The centaur wields a +0 shortbow.
The centaur shoots an arrow.
The arrow hits you!
* * * LOW HITPOINT WARNING * * *
The steam dragon breathes steam at you. The ball of steam hits you!!
You die...
Your body crumbles into a pile of gold.

.
...........#..
.............
.....>......
...........
..P.......
#.?...... ##
#.....####.#
#......§.#
#####.@D.#####
#.§$.....#
#####c§..#
...## ..# ##.P
... .$ $


You could see a steam dragon (catching breath) and a centaur.

Vanquished Creatures
  Maggie (D:7)
  Prince Ribbit (D:7)
  A wyvern (D:6)
  2 steam dragons
  A water moccasin (D:6)
  A black bear (D:2)
  2 necrophages
  3 ogres
  3 elf zombies (Ossuary)
  2 kobold brigands
  A bullfrog (D:7)
  A water moccasin skeleton (D:4)
  A wight (D:5)
  6 howler monkeys (D:7)
  A bullfrog zombie (D:6)
  A hound (D:6)
  4 orc priests
  An iguana (D:5)
  12 orc wizards
  A killer bee zombie (D:8)
  A hound zombie (Ossuary)
  4 mummies (Ossuary)
  A hound skeleton (D:4)
  A howler monkey zombie (D:6)
  A gnoll (D:6)
  5 adders
  2 shadow imps
  3 white imps
  An ufetubus (D:5)
  An adder zombie (Ossuary)
  3 worms
  6 dart slugs
  21 orcs
  5 ball pythons
  4 bats
  9 endoplasms
  2 giant cockroaches (D:1)
  11 goblins
  5 hobgoblins
  5 jackals (D:1)
  15 kobolds
  4 quokkas
  4 frilled lizards
  2 hobgoblin zombies (Ossuary)
  A kobold zombie (Ossuary)
  An orc zombie (Ossuary)
  6 rats
  3 rat zombies (Ossuary)
173 creatures vanquished.

Vanquished Creatures (others)
  3 fungi (D:8)
3 creatures vanquished.

Grand Total: 176 creatures vanquished

Notes
Turn   | Place    | Note
-------+----------+-------------------------------------------
     0 | D:1      | Infinimo the Ogre Gladiator began the quest for the Orb.
     0 | D:1      | Reached XP level 1. HP: 22/22 MP: 1/1
   337 | D:1      | Reached XP level 2. HP: 31/31 MP: 2/2
   694 | D:1      | Reached XP level 3. HP: 34/37 MP: 3/3
  1518 | D:2      | Reached XP level 4. HP: 11/45 MP: 4/4
  1969 | D:2      | Noticed a black bear
  2256 | D:2      | Killed a black bear
  2257 | D:2      | Reached XP level 5. HP: 4/54 MP: 5/5
  2652 | D:2      | Found a faded altar of an unknown god.
  2931 | D:3      | Noticed a necrophage
  2940 | D:3      | Killed a necrophage
  2941 | D:3      | Reached XP level 6. HP: 44/63 MP: 6/6
  4018 | D:4      | Found an opulent altar of Gozag.
  4162 | D:4      | Reached skill level 5 in Fighting
  4162 | D:4      | Reached skill level 5 in Maces & Flails
  4502 | D:4      | Reached XP level 7. HP: 37/72 MP: 7/7
  4793 | D:4      | Found a shimmering blue altar of Sif Muna.
  5372 | D:5      | Entered Level 5 of the Dungeon
  5593 | D:4      | Became a worshipper of Gozag Ym Sagoz the Greedy
  5704 | D:5      | Reached XP level 8. HP: 60/83 MP: 8/8
  6286 | D:6      | Found Wamei's Jewellery Emporium.
  6315 | D:6      | Reached skill level 5 in Dodging
  6508 | D:6      | Found a hide-covered altar of Uskayaw.
  6651 | D:6      | Noticed a wyvern
  6666 | D:6      | Killed a wyvern
  6788 | D:6      | Found Qimud's Gadget Gallery.
  6895 | D:6      | Found an iron altar of Okawaru.
  6971 | D:6      | Found a runed translucent gate.
  6971 | D:6      | Found a runed translucent gate.
  6971 | D:6      | Found a runed translucent gate.
  6973 | D:6      | Noticed Gabide's ghost (novice MfMo)
  7254 | D:7      | Noticed Maggie
  7269 | D:7      | Killed Maggie
  7270 | D:7      | Reached XP level 9. HP: 22/96 MP: 9/9
  7434 | D:7      | Noticed Prince Ribbit
  7452 | D:7      | Killed Prince Ribbit
  7467 | D:7      | Found a sand-covered staircase.
  7472 | Ossuary  | Entered an ossuary
  8014 | D:7      | Found Guseq's Assorted Antiques.
  8023 | D:7      | Bought a potion of heal wounds for 160 gold pieces
  8293 | D:7      | Found a staircase to the Ecumenical Temple.
  8544 | D:7      | Found an ornate altar of the Wu Jian Council.
  8775 | D:8      | Found a staircase to the Lair.
  8867 | D:8      | Killed from afar by a steam dragon

Illustrated notes

Levels and vault maps discovered:
D:1:      kennysheep_arrival_forest, layout_basic
D:2:      layout_rooms, dreamdust_ecumenical_altar_hidden_monk_grotto,
          roderic_roman_lattice
D:3:      layout_basic
D:4:      layout_layer_cave, nicolae_overflow_hidden_temple, led_sif_book
D:5:      layout_rooms, corexii_checkpoint_a, hangedman_decor_riveting,
          minmay_misc_feat_diagonals
D:6:      layout_basic, nicolae_uskayaw_suspiria, okawaru_altar_gauntlet_db,
          ebering_ghost_rock_garden, minmay_shop_enchanted_jewellery,
          nicolae_concentric_dashed_squares_mild, st_stairs_3,
          nicolae_shop_gadgets
D:7:      layout_gridville, mainiacjoe_overflow_concentric_impassable,
          minmay_temple_entry_stoned_glass, serial_shops,
          nicolae_shop_competitors_out_of_business,
          nicolae_ossuary_entry_false_entrances, uniq_maggie,
          uniq_prince_ribbit1
D:8:      kennysheep_steamy, layout_rooms, amethyst_overflow_temple_binary,
          erik_lair_orcish_takeover, kennysheep_flooded_box,
          kennysheep_minor_cross, amcnicky_mini_corridor_feature,
          abandoned_shop, uniq_joseph

Skill      XL: |  1  2  3  4  5  6  7  8  9 |
---------------+----------------------------+-----
Fighting       | 3 4 5 6 7 9 |  9.1
Maces & Flails | 3 4 5 6 7 9 |  9.2
Dodging        | 3 4 5 6 |  6.6
Throwing       | |  2.0

Action                   |  1- 3 |  4- 6 |  7- 9 || total
-------------------------+-------+-------+-------++-------
Melee: Flail             |   121 |   120 |   373 ||   614
       Punch             |     1 |     1 |     9 ||    11
       Whip              |       |       |    59 ||    59
Throw: Dart              |     1 |     3 |       ||     4
  Use: Potion            |     1 |       |     3 ||     4
       Scroll            |       |     5 |    17 ||    22
 Stab: Sleeping          |     1 |       |       ||     1
       Distracted        |       |       |     1 ||     1
Armor: Robe              |    48 |    31 |    94 ||   173
Dodge: Dodged            |    99 |    71 |   214 ||   384
